 Dungeon Crawl Stone Soup version 0.29-a0-1027-gcd8c55af63 (webtiles) character file.

Game seed: 13427133748283003413

59 Destapler the Shield-Bearer (level 3, -8/36 HPs)
             Began as a Troll Fighter on Aug 12, 2022.
             Was an Initiate of Ashenzari.
             Blown up by Ijyb (14 damage)
             ... with a mindburst bolt
             ... on level 3 of the Dungeon.
             The game lasted 00:03:10 (1553 turns).

Destapler the Shield-Bearer (Troll Fighter)         Turns: 1553, Time: 00:03:11

Health: -8/36      AC:  4    Str: 26    XL:     3   Next: 78%
Magic:  2/2        EV:  8    Int:  4    God:    Ashenzari [......]
Gold:   139        SH:  7    Dex:  9    Spells: 2/2 levels left

rFire   . . .      SeeInvis .   a - +0 flail
rCold   . . .      Faith    .   c - +0 kite shield
rNeg    . . .      Spirit   .   b - +0 robe
rPois   .          Reflect  .   (helmet restricted)
rElec   .          Harm     .   (no cloak)
rCorr   .          Rampage  .   (gloves unavailable)
Will    .....                   (boots unavailable)
Stlth   +.........              (no amulet)
HPRegen 0.92/turn               (no ring)
MPRegen 0.08/turn               (no ring)

@: mighty
A: large, unfitting armour, claws 3, regeneration 1, shaggy fur 1, tough skin 1
a: Renounce Religion, Curse Item


You were on level 3 of the Dungeon.
You worshipped Ashenzari.
Ashenzari was noncommittal.
You visited 1 branch of the dungeon, and saw 3 of its levels.

You collected 139 gold pieces.

Inventory:

Hand Weapons
 a - a +0 flail (weapon)
Armour
 b - a +0 robe (worn)
 c - a +0 kite shield (worn)
Wands
 i - a wand of roots (8)
Scrolls
 k - a scroll of teleportation {unknown}
Potions
 e - a potion of haste {unknown}
 f - a potion of mutation {unknown}
 g - a potion of curing {unknown}
 h - a potion of resistance {unknown}
 j - a potion of cancellation {unknown}


   Skills:
 + Level 2.8 Fighting
 + Level 2.4 Maces & Flails
 + Level 2.8 Dodging
 + Level 3.2 Shields


You had 2 spell levels left.
You didn't know any spells.
Your spell library was empty.

Dungeon Overview and Level Annotations

Branches:
Dungeon (3/15)

Altars:
Ashenzari

Annotations:
D:3 Ijyb


Innate Abilities, Weirdness & Mutations

You are too large for most types of armour.
You have claws for hands.
Your natural rate of healing is unusually fast.
You are covered in fur. (AC +1)
You have tough skin. (AC +1)


Message History

The rat bites you but does no damage.
You sock the rat!
You kill the rat!
No target in view!
No target in view!
You now have 126 gold pieces (gained 13).
You now have 139 gold pieces (gained 13).
You open the door.
A rat comes into view.
A rat is nearby!
Found a stone staircase leading up.
There is an open door here.
A rat is nearby!
The rat closely misses you.
A rat is nearby!
You sock the rat!
You kill the rat!
No target in view!
No target in view!
You open the door.
There is an open door here.
Ijyb the Twisted Goblin comes into view.
She is wielding a +0 dagger, wearing a +3 leather armour of willpower and carrying a wand of mindburst (20).
Found a potion of might.
Ijyb shouts!
Ijyb zaps a wand.
You barely resist.
Ijyb is nearby!
Ijyb is nearby!
Ijyb zaps a wand.
Your mind is blasted!
Ouch! That really hurt!
You block Ijyb's attack.
You barely miss Ijyb. You block Ijyb's attack.
Ijyb zaps a wand.
Your mind is blasted!
* * * LOW HITPOINT WARNING * * *
Unknown command.
You feel very mighty all of a sudden.
Ijyb zaps a wand.
You barely resist. You hit Ijyb.
Ijyb is moderately wounded.
Ijyb zaps a wand.
Your mind is blasted!
You die...

#.# #.. ... #.# #.## #
##+# # #.. .# ##...##
#. #g# ..# ##.....##
#.###@#...##
##..<....###..........#
#.........####......#.#
+.........'............
#.........####......#!#
#.......## #..#.#.# #
##.....## #.##...#
##...## #.# #.## ##'##
#.# .#


You could see Ijyb.

Vanquished Creatures
  2 adders
  A dart slug (D:2)
  3 ball pythons
  5 endoplasms
  2 giant cockroaches
  6 hobgoblins
  4 quokkas
  3 bats
  A frilled lizard (D:1)
  4 kobolds
  5 rats
36 creatures vanquished.

Vanquished Creatures (others)
  A demonic plant (D:1)
  44 plants (D:2)
45 creatures vanquished.

Grand Total: 81 creatures vanquished

Notes
Turn   | Place    | Note
-------+----------+-------------------------------------------
     0 | D:1      | Destapler the Troll Fighter began the quest for the Orb.
     0 | D:1      | Reached XP level 1. HP: 22/22 MP: 0/0
    22 | D:1      | Found a faded altar of an unknown god.
    22 | D:1      | Noticed a hellwing
    85 | D:1      | Reached XP level 2. HP: 29/29 MP: 1/1
   500 | D:2      | Reached skill level 3 in Shields
   500 | D:2      | Reached XP level 3. HP: 29/36 MP: 2/2
   573 | D:2      | Found a broken altar of Ashenzari.
   581 | D:2      | Became a worshipper of Ashenzari the Shackled
  1547 | D:3      | Noticed Ijyb
  1553 | D:3      | Blown up by Ijyb

Illustrated notes

Levels and vault maps discovered:
D:1:      erik_arrival_blinker_ship, layout_rooms,
          dreamdust_ecumenical_altar_sealed_demon
D:2:      layout_basic, basic_altar, skrybe_limestone_x, serial_bayou_lagoon_a
D:3:      layout_loops_corners, serial_bayou_pond_e, minmay_cupped, uniq_ijyb

Skill      XL: |  1  2 |
---------------+-------+-----
Maces & Flails | 2 |  2.4
Shields        | 3 |  3.2
Fighting       | |  2.8
Dodging        | |  2.8

Action                   || total
-------------------------++-------
Melee: Flail             ||   111
  Use: Scroll            ||     3
       Potion            ||     1
 Stab: Sleeping          ||     1
Armor: Robe              ||    48
Dodge: Dodged            ||    34
Block: Kite shield       ||    43

Table legend: (Time is in decaauts)
 A = Elapsed time spent in this place.
 B = Non-inter-level travel time spent in this place.
 C = Inter-level travel time spent in this place.
 D = Time resting spent in this place.
 E = Time spent auto-exploring this place.
 F = Levels seen in this place.
 G = Mean time per level.
                   A        B        C        D        E       F      G
               +--------+--------+--------+--------+--------+-----+--------+
         Total |   1608 |   1562 |     46 |     28 |   1229 |   3 |  536.0 |
       Dungeon |   1608 |   1562 |     46 |     28 |   1229 |   3 |  536.0 |
               +--------+--------+--------+--------+--------+-----+--------+

Top non-repeatable levels by time:
     D:2: 935 daAuts
     D:1: 493 daAuts
     D:3: 179 daAuts
